 Adventure DCSS version bcrawl-1.27.3 (webtiles) character file.

Game seed: 5885667621385246604

201781 galech the Chopper (level 8, 64/64 HPs)
             Began as a Demonspawn Fighter on July 31, 2020.
             Quit the game on level 9 of the Dungeon.
             The game lasted 00:11:03 (7607 turns).

galech the Chopper (Demonspawn Fighter)             Turns: 7607, Time: 00:11:03

Health: 64/64      AC: 12    Str: 17    XL:     8   Next: 91%
Magic:  8/8        EV:  8    Int: 15    God:
Gold:   598        SH: 12    Dex: 15    Spells: 7/7 levels left
                                        Lives:  1   Deaths: 1

rFire    . . .     SeeInvis .   q - +2 hand axe (elec)
rCold    . . .     Gourm    .   z - +2 medium shield
rNeg     . . .     Faith    .   b - +0 scale mail
rPois    .         Spirit   .   (helmet restricted)
rElec    .         Reflect  .   (no cloak)
rCorr    .         Harm     .   B - +0 pair of gloves
MR       .....                  (no boots)
Stlth    ..........             (no amulet)
HPRegen  0.20/turn              A - ring of flight
MPRegen  0.11/turn              I - +5 ring of intelligence

@: no status effects
A: horns 1, icy blue scales 2
a: Evoke Flight


You were on level 9 of the Dungeon.
You were not hungry.

You visited 1 branch of the dungeon, and saw 9 of its levels.
You also visited: Sewer.

You collected 598 gold pieces.

Inventory:

Hand Weapons
 a - a +0 war axe
 d - a +1 whip of flaming
 q - a +2 hand axe of electrocution (weapon)
Missiles
 E - a throwing net {=f}
Armour
 b - a +0 scale mail (worn)
 y - a +0 ring mail of cold resistance
 z - a +2 medium shield (worn)
 B - a +0 pair of gloves (worn)
Jewellery
 A - a ring of flight (left hand)
 I - a +5 ring of intelligence (right hand)
Wands
 C - a wand of flame (25)
Scrolls
 f - 4 scrolls of enchant armour
 g - 2 scrolls of amnesia
 h - 3 scrolls of fear {unknown}
 i - 8 scrolls of teleportation
 j - 5 scrolls of remove curse
 m - 3 scrolls of enchant weapon
 n - 2 scrolls of blinking {unknown}
 v - 4 scrolls of fog
 w - a scroll of magic mapping {unknown}
 D - 2 scrolls of identify
 G - 3 scrolls of immolation {unknown}
Potions
 c - 2 potions of degeneration {unknown}
 k - 6 potions of curing
 o - 2 potions of lignification {unknown}
 p - a potion of resistance {unknown}
 r - a potion of invisibility {unknown}
 s - a potion of flight {unknown}
 t - 2 potions of haste {unknown}
 u - 2 potions of magic {unknown}
 x - 3 potions of heal wounds {unknown}
 H - a potion of mutation {unknown}
 J - a potion of cancellation {unknown}
Comestibles
 e - 15 rations {!d}
 F - 3 chunks of flesh


   Skills:
 + Level 6.1 Fighting
 + Level 7.7 Axes
 + Level 6.8 Armour
 + Level 4.0 Dodging
 + Level 1.1 Stealth
 + Level 6.1 Shields


You had 7 spell levels left.
You didn't know any spells.
Your spell library contained the following spells:

 Spells                   Type           Power        Failure   Level  Hunger
 Fulminant Prism          Conj/Hex       #.........   100%        4    ######.
 Iskenderun's Battlesphe  Conj/Chrm      #.......     100%        5    #######
 Iron Shot                Conj/Erth      #.........   100%        6    #######
 Poison Arrow             Conj/Pois      #.........   100%        6    #######
 Orb of Destruction       Conj           #.........   100%        7    #######
 Spellforged Servitor     Conj/Summ      #.........   100%        7    #######


Dungeon Overview and Level Annotations

Branches:
Dungeon (9/12)             Temple (0/1) D:4            Lair (0/6) D:8
    Orc: D:8-11

Altars:
Cheibriados
Fedhas
Xom

Shops:
D:4 }

Annotations:
D:8 Erica


Innate Abilities, Weirdness & Mutations

You have a pair of small horns on your head.
You are mostly covered in icy blue scales. (AC +3)


Message History

The troll claws you!
* * * LOW HITPOINT WARNING * * *
The wyvern closely misses you.
You closely miss the troll.
The troll is almost dead.
You hit the wyvern but do no damage. The troll closely misses you.
The troll claws you.
* * * LOW HITPOINT WARNING * * *
You block the troll's attack. The wyvern bites you!
* * * LOW HITPOINT WARNING * * *
You closely miss the troll.
You headbutt the troll, but do no damage.
The troll is almost dead.
You hit the wyvern. You block the wyvern's attack. The troll bites you.
You die...
You block the troll's attack. The troll claws you. The wyvern misses you.
Xom reaches out...
You are now level 8!
You rejoin the land of the living...
Are you sure you want to abandon this character and quit the game? (Confirm with "yes".)

#
###.#
+@..#
###.#
..
...
.#. #


There were no monsters in sight!

Vanquished Creatures
  Pikel (D:7)
  Prince Ribbit (D:7)
  Edmund (D:5)
  Duvessa (D:7)
  An ice beast (D:5)
  A sky beast (D:8)
  4 orc warriors
  A black bear (D:8)
  2 centaurs (D:5)
  5 ogres
  4 bullfrogs
  A scorpion (D:5)
  5 wights (D:7)
  A howler monkey (D:4)
  3 crimson imps
  3 orc priests
  2 hounds
  2 jellies (D:5)
  5 orc wizards
  Terence (D:2)
  3 iguanas
  2 worker ants
  2 killer bee zombies (D:5)
  Robin (D:2)
  3 gnolls (D:3)
  10 adders
  4 river rats
  A shadow imp (D:8)
  5 oozes
  2 adder skeletons
  7 worms
  A leopard gecko (D:5)
  26 orcs
  11 ball pythons
  4 bats
  4 giant cockroaches
  12 goblins
  14 hobgoblins
  4 jackals (D:2)
  3 kobolds
  6 quokkas
  5 frilled lizards
  29 rats
204 creatures vanquished.

Vanquished Creatures (others)
  A phantom (D:7)
  A slave (D:7)
  Dowan (D:7)
  An orc (D:7)
  5 fungi (D:5)
9 creatures vanquished.

Grand Total: 213 creatures vanquished

Notes
Turn   | Place    | Note
-------+----------+-------------------------------------------
     0 | D:1      | galech the Demonspawn Fighter began the quest for the Orb.
     0 | D:1      | Reached XP level 1. HP: 18/18 MP: 1/1
   147 | D:1      | Gained mutation: You are partially covered in icy blue
                  | scales. (AC +2) [demonic ancestry]
   147 | D:1      | Reached XP level 2. HP: 24/24 MP: 2/2
   268 | D:1      | Found a snail-covered altar of Cheibriados.
   460 | D:1      | Reached skill level 2 in Axes
   855 | D:2      | Reached XP level 3. HP: 27/29 MP: 3/3
   936 | D:2      | Noticed Terence
   947 | D:2      | Killed Terence
  1213 | D:2      | Reached XP level 4. HP: 33/35 MP: 4/4
  1461 | D:2      | Found a faded altar of an unknown god.
  1607 | D:2      | Noticed Robin
  1617 | D:2      | Killed Robin
  1617 | D:2      | Reached skill level 3 in Axes
  1930 | D:3      | Reached skill level 1 in Dodging
  2092 | D:3      | Noticed an ogre
  2096 | D:3      | Killed an ogre
  2096 | D:3      | Reached XP level 5. HP: 16/41 MP: 5/5
  2247 | D:3      | Reached XP level 6. HP: 43/47 MP: 6/6
  2263 | D:3      | Found a snail-covered altar of Cheibriados.
  2414 | D:3      | Reached skill level 4 in Axes
  3148 | D:4      | Found a staircase to the Ecumenical Temple.
  3206 | D:4      | Found a glowing drain.
  3214 | Sewer    | Entered a sewer
  3650 | Sewer    | Gained mutation: You are mostly covered in icy blue scales.
                  | (AC +3) [demonic ancestry]
  3650 | Sewer    | Reached XP level 7. HP: 23/53 MP: 7/7
  3963 | D:4      | Reached skill level 5 in Axes
  4395 | D:4      | Found Zuqiumom's Gadget Shop.
  4673 | D:5      | Entered Level 5 of the Dungeon
  4743 | D:5      | Reached XP level 8. HP: 61/61 MP: 8/8
  4781 | D:5      | Reached skill level 5 in Armour
  4795 | D:5      | Noticed Edmund
  4812 | D:5      | Killed Edmund
  4812 | D:5      | Reached skill level 1 in Stealth
  5141 | D:5      | Found a blossoming altar of Fedhas.
  5176 | D:5      | Reached skill level 5 in Shields
  5320 | D:6      | Reached skill level 6 in Axes
  5348 | D:6      | Noticed a troll
  5434 | D:6      | HP: 2/61 [troll (2)]
  5439 | D:6      | HP: 2/61 [hound (1)]
  5457 | D:7      | HP: 2/61 [hound (5)]
  5705 | D:7      | Noticed Pikel
  5711 | D:7      | Killed Pikel
  5711 | D:7      | Reached skill level 5 in Fighting
  5711 | D:7      | Gained mutation: You have a pair of small horns on your
                  | head. [demonic ancestry]
  5711 | D:7      | Reached XP level 9. HP: 60/68 MP: 9/9
  5826 | D:7      | Found a shimmering altar of Xom.
  5931 | D:7      | Killed Dowan
  6032 | D:7      | Noticed Duvessa
  6041 | D:7      | Killed Duvessa
  6365 | D:7      | Reached skill level 7 in Axes
  6550 | D:7      | Noticed Prince Ribbit
  6591 | D:7      | Killed Prince Ribbit
  7442 | D:8      | Noticed Erica
  7445 | D:8      | Found a staircase to the Lair.
  7596 | D:9      | Noticed a troll
  7605 | D:9      | HP: 1/69 [wyvern (10)]
  7606 | D:9      | Slain by a troll
  7607 | D:9      | Reached XP level 8. HP: -2/64 MP: 8/8
  7607 | D:9      | Quit the game

Skill      XL: |  1  2  3  4  5  6  7  8  9 |
---------------+----------------------------+-----
Shields        | 3 4 5 6 |  6.1
Axes           | 2 3 4 5 6 7 |  7.7
Armour         | 3 4 5 6 |  6.8
Dodging        | 1 2 3 4 |  4.0
Fighting       | 4 5 6 |  6.1
Stealth        | 1 |  1.1

Action                   |  1- 3 |  4- 6 |  7- 9 || total
-------------------------+-------+-------+-------++-------
Melee: War axe           |    75 |    85 |       ||   160
       Hand axe          |       |   165 |   313 ||   478
       Headbutt          |       |       |    29 ||    29
  Use: Potion            |     1 |     2 |     3 ||     6
       Scroll            |       |     8 |     1 ||     9
  Eat: Chunk             |     3 |    17 |    22 ||    42
Armor: Scale mail        |    38 |   134 |   129 ||   301
Dodge: Dodged            |    13 |    73 |    97 ||   183
Block: Medium shield     |    31 |   132 |   178 ||   341
